 Dungeon Crawl Stone Soup version 0.18.1-48-g4cf74bf (webtiles) character file.

718120 mrath the Shatterer (level 27, 0/233 HPs)
             Began as a Minotaur Fighter on June 12, 2016.
             Was an Elder of Okawaru.
             Killed from afar by an Ice Fiend (17 damage)
             ... with a bolt of cold
             ... led by Ihabboti
             ... on level 1 of the Depths on Aug 30, 2016.
             The game lasted 12:08:44 (88334 turns).

mrath the Shatterer (Minotaur Fighter)             Turns: 88334, Time: 12:08:45

Health: 0/233      AC: 42    Str: 31    XL:     27
Magic:  35/35      EV: 26    Int:  5    God:    Okawaru [****..]
Gold:   2971       SH: 27    Dex: 17    Spells: 0 memorised, 26 levels left

rFire  + + .     SeeInvis .     E - +9 demon whip (elec)
rCold  + + .     Gourm    .     c - +6 plate armour of Mebuth {rC+ rN+ Str+3 Int+4}
rNeg   + . .     Faith    .     v - +2 shield of Resistance {rF+ rC+ MR+}
rPois  .         Spirit   .     p - +2 hat of the Last Lies {+Fly MR++}
rElec  +         Dismiss  .     X - +2 cloak {+Inv}
rCorr  +         Reflect  +     U - +2 pair of gloves {Str+3}
SustAt .         Harm     .     H - +2 pair of boots
MR     +++++     Rnd*Rage +     o - +5 amulet of reflection
Stlth  ..........               d - ring of the Seven Runes {rCorr rElec rF+}
                                x - +5 ring of protection

@: heroism, almost entirely resistant to hostile enchantments, extremely
unstealthy
A: retaliatory headbutt, horns 2, berserk 2, clumsy 1, deformed body,
deterioration 1, dopey 2, frail 1, subdued magic 2, MP-powered wands
a: Heroism, Renounce Religion, Evoke Invisibility, Evoke Flight
0: Orb of Zot
}: 3/15 runes: serpentine, barnacled, silver


You were on level 1 of the Depths.
You worshipped Okawaru.
Okawaru was greatly pleased with you.
You were not hungry.

You visited 10 branches of the dungeon, and saw 52 of its levels.
You visited the Abyss 1 time.
You also visited: Bailey and Ice Cave.

You collected 7447 gold pieces.
You spent 4476 gold pieces at shops.

Inventory:

Hand Weapons
 C - a +6 flail of holy wrath
 E - a +9 demon whip of electrocution (weapon)
Missiles
 i - 4 throwing nets
 u - 6 javelins of returning
 y - 4 silver javelins (quivered)
 z - 5 steel javelins
Armour
 c - the +6 plate armour of Mebuth (worn) {rC+ rN+ Str+3 Int+4}
   (You bought it in a shop on level 2 of the Orcish Mines)

   It affects your strength (+3).
   It affects your intelligence (+4).
   It protects you from cold.
   It protects you from negative energy.
 k - a +2 hat of cold resistance
 p - the +2 hat of the Last Lies (worn) {+Fly MR++}
   (Okawaru gifted it to you on level 5 of the Realm of Zot)

   It affects your resistance to hostile enchantments.
   It lets you fly.
 v - the +2 shield of Resistance (worn) {rF+ rC+ MR+}
   (You took it off a deep elf death mage on level 3 of the Elven Halls)

   It protects you from fire.
   It protects you from cold.
   It affects your resistance to hostile enchantments.
 H - a +2 pair of boots (worn)
 U - a +2 pair of gloves of strength (worn)
 X - a +2 cloak of invisibility (worn)
Rods
 D - a +6 iron rod (14/14)
   (You found it on level 1 of the Vaults)
 S - a +3 lightning rod (14/14)
   (You found it on level 4 of the Depths)
Jewellery
 d - the ring of the Seven Runes (right hand) {rCorr rElec rF+}
   (You bought it in a shop on level 2 of the Orcish Mines)

   [ring of resist corrosion]

   It protects you from fire.
   It insulates you from electricity.
 o - a +5 amulet of reflection (around neck)
 x - a +5 ring of protection (left hand)
 Q - the ring "Tateips" {rElec rPois rF- MR+ SInv}
   (You bought it in a shop on level 2 of the Orcish Mines)

   [ring of see invisible]

   It makes you vulnerable to fire.
   It insulates you from electricity.
   It protects you from poison.
   It affects your resistance to hostile enchantments.
   It lets you see invisible.
Wands
 a - a wand of digging (7/24)
 b - a wand of slowing (20/48)
 e - a wand of disintegration (10/24)
 B - a wand of iceblast (13/15)
 J - a wand of heal wounds (2/9)
 M - a wand of teleportation (5/9)
 V - a wand of lightning (9/15)
Scrolls
 g - 4 scrolls of identify
 j - 3 scrolls of summoning
 l - 4 scrolls of holy word
 n - 5 scrolls of magic mapping
 q - 14 scrolls of remove curse
 r - 3 scrolls of blinking
 t - 3 scrolls of recharging
 w - 3 scrolls of fog
 F - 11 scrolls of teleportation
Potions
 f - 7 potions of flight
 h - 13 potions of curing
 m - a potion of heal wounds
 s - 5 potions of cancellation
 A - 3 potions of haste
 O - 5 potions of berserk rage
 P - 2 potions of agility
Miscellaneous
 I - a box of beasts
 N - a phial of floods
Comestibles
 K - 23 meat rations


   Skills:
 + Level 23.4(27) Fighting
 + Level 24.8(27) Maces & Flails
   Level 10.2(15.2) Polearms
 + Level 17.3(22.3) Throwing
 + Level 22.9(27) Armour
 + Level 21.3(26.3) Dodging
 + Level 23.0(27) Shields
 - Level 9.2 Invocations
 + Level 18.5 Evocations


You had 26 spell levels left.
You didn't know any spells.

Dungeon Overview and Level Annotations

Branches:
Dungeon (15/15)            Temple (0/1) D:4            Lair (8/8) D:9
 Shoals (4/4) Lair:4        Snake (4/4) Lair:6        Slime (0/6) Lair:8
    Orc (2/2) D:12            Elf (3/3) Orc:2        Vaults (5/5) D:13
  Crypt (0/3) Vaults:3     Depths (5/5) D:15           Hell (1/1)
    Dis (0/7) Hell            Geh (0/7) Hell            Coc (0/7) Hell
    Tar (0/7) Hell            Zot (5/5) Depths:5

Altars:
Cheibriados
Dithmenos
Fedhas
Makhleb
Nemelex Xobeh
Okawaru
Qazlal
Ru
Sif Muna
Trog
Xom
Yredelemnul
The Shining One
Beogh

Shops:
D:5 (   D:8 (   D:9 *   D:14 =   Orc:2 ([*=   Elf:2 [   Shoals:1 *   Shoals:2 %
Vaults:2 %   Vaults:4 }   Depths:1 *

Portals:
Hell: Depths:1 Depths:2 Depths:3 Depths:4 Depths:5
Abyss: Depths:4
Pandemonium: Depths:3
Ziggurat: Depths:5

Annotations:
Hell exclusion: ice statue
Zot:5 exclusions: obsidian statue and orange crystal statue


Innate Abilities, Weirdness & Mutations

You reflexively headbutt those who attack you in melee.
You have a pair of horns on your head.
You often lose your temper in combat.
You are clumsy. (Dex -2)
Armour fits poorly on your strangely shaped body.
Your body sometimes deteriorates upon taking damage.
You are very dopey. (Int -4)
You are frail (-10% HP).
Your spells are easier to cast, but less powerful.
You expend magic power (3 MP) to strengthen your wands.


Message History

Your blink will be uncontrolled - continue anyway? [Y]es or [N]o only, please.
Your blink will be uncontrolled - continue anyway?
The Orb prevents control of your translocation!
You blink.
As you read the scroll of blinking, it crumbles to dust.
The Ice Fiend calls on the powers of darkness!
Your body is wracked with pain!
* * * LOW HITPOINT WARNING * * *
You see here a silver javelin.
The Ice Fiend calls on the powers of darkness!
Your body is wracked with pain!
* * * LOW HITPOINT WARNING * * *
Ihabboti gestures at you.
The ball explodes into a vile cloud!
The stinking cloud engulfs you!
You hear a bellow!
You hear a chilling moan.
You are engulfed in noxious fumes.
The Ice Fiend gestures at you. The bolt of cold hits you! You resist.
You die...

((.##....#..........##....≈≈≈≈≈[≈
...#>....#...........#....≈≈≈≈≈≈≈
.....)...(...........#....≈≈≈≈≈≈≈
......(..................#.≈≈≈≈≈≈
.........................#..≈≈≈≈≈
........................###.....#
.........................########
....(....................##
.....#####.....§@§........#
.....#...#.....§§§...##.###
.....'.∩.'.#..##§§...####
.....#...#####..&....##
.....##### #....(.....# .......#
#...1....### ....#### #....(#..#
....# ###(..#### .#### #§...##


You could see Ihabboti and an Ice Fiend.

Vanquished Creatures
  6 ancient liches
  Mennas (Depths:3)
  15 orbs of fire
  A juggernaut (Depths:5)
  Sojobo (Vaults:2)
  Frederick (Depths:4)
  4 Killer Klowns
  Geryon (Hell)
  3 caustic shrikes
  Nikola (Shoals:3)
  A curse toe (Zot:5)
  13 golden dragons
  4 electric golems
  Jorgrun (Vaults:5)
  20 tentacled monstrosities
  3 quicksilver dragons
  10 titans
  25 Orb Guardians
  5 deep elf blademasters
  6 liches
  4 deep elf master archers (Elf:3)
  Polyphemus (Shoals:3)
  6 sphinxes
  17 death cobs
  2 krakens
  An Executioner (Zot:4)
  6 tengu reavers
  Kirke (Shoals:3)
  19 storm dragons
  6 shadow dragons
  5 draconian monks
  11 fire giants
  Ilsuiw (Shoals:3)
  8 greater nagas
  3 deep elf sorcerers
  9 draconian scorchers
  13 frost giants
  5 ghost moths
  2 iron dragons
  15 vault wardens
  7 draconian knights
  Aizul (Depths:2)
  2 balrugs
  An orc warlord (Orc:2)
  A ghoul (Vaults:3)
  4 draconian zealots
  5 deep elf elementalists
  4 draconian shifters
  A cacodemon (Depths:5)
  3 reapers
  22 stone giants
  10 ironheart preservers
  A caustic shrike skeleton (Depths:2)
  7 draconian annihilators
  A spriggan defender (Depths:5)
  8 war gargoyles
  17 very ugly things
  2 draconian callers
  3 deep elf annihilators (Elf:3)
  4 salamander stormcallers
  2 vampire knights
  16 green draconians
  12 purple draconians
  6 white draconians
  6 deep elf demonologists
  14 black draconians
  A lorocyproca (Hell)
  4 spark wasps
  11 yellow draconians
  10 red draconians
  13 mottled draconians
  The ghost of mindo the Blocker, a journeyman MiFi of the Shining One (Lair:5)
  17 ettins
  A green death (Depths:1)
  3 crystal guardians
  A minotaur (shapeshifter) (Vaults:4)
  4 deep elf death magi
  40 vault guards
  3 jiangshi (Depths:5)
  A blizzard demon (Depths:1)
  2 merfolk javelineers (Shoals:4)
  5 entropy weavers
  13 merfolk impalers
  32 slime creatures
  23 fire dragons
  6 deep elf high priests
  15 naga warriors
  11 yaktaur captains
  A quicksilver dragon skeleton (Depths:3)
  12 great orbs of eyes
  13 ice dragons
  A catoblepas (Shoals:3)
  11 hydras
  A hell beast (Depths:2)
  4 spriggan air magi
  3 merfolk avatars
  6 rakshasas
  Erolcha (Orc:1)
  10 centaur warriors
  8 merfolk aquamancers
  14 death yaks
  13 ogre magi
  19 anacondas
  A death knight (Vaults:4)
  3 alligator snapping turtles (Shoals:4)
  4 tengu warriors
  A satyr (shapeshifter) (Vaults:3)
  3 satyrs (Shoals:4)
  An alligator (shapeshifter) (Vaults:5)
  4 vampire magi
  11 hell hogs
  5 deep troll shamans
  33 dancing weapons
  9 deep troll earth magi
  2 spriggan berserkers
  11 naga sharpshooters
  10 shock serpents
  5 orc high priests
  12 hell knights
  5 soul eaters
  9 sun demons
  2 iron golems (Depths:1)
  The ghost of junkhipster the Ducker, a novice TrFi of Ru (D:9)
  A fire crab (Vaults:2)
  20 deep elf knights
  A titan skeleton (Hell)
  A fire crab (shapeshifter) (Vaults:3)
  6 salamander mystics
  2 golden dragon skeletons (Depths:3)
  3 iron trolls (Depths:5)
  5 skeletal warriors
  A large abomination (Abyss:3)
  13 unseen horrors
  19 sea snakes
  2 giant orange brains
  5 flayed ghosts
  An infernal demonspawn (Depths:3)
  4 naga ritualists
  20 deep elf archers
  3 wizards
  2 tengu zombies
  8 hill giants
  24 deep trolls
  5 phantasmal warriors
  17 harpies
  69 deep elf magi
  15 ironbrand convokers
  A stone giant zombie (Vaults:4)
  An iron dragon zombie (Hell)
  4 lindwurms (Snake:4)
  17 orc knights
  6 wolf spiders
  2 human zombies (Vaults:4)
  12 mana vipers
  19 griffons
  64 ugly things
  A hornet (Vaults:3)
  14 necromancers
  18 fauns
  7 orc sorcerers (Orc:2)
  2 frost giant zombies (Hell)
  18 salamanders
  8 cyclopes
  A fire giant zombie (Vaults:4)
  4 hornets (shapeshifter)
  3 octopodes (shapeshifter)
  A salamander (shapeshifter) (Vaults:3)
  10 manticores
  13 elephants
  A sphinx skeleton (Depths:2)
  27 naga magi
  2 frost giant skeletons (Hell)
  4 sixfirhies
  22 moths of wrath
  A fire giant skeleton (Hell)
  18 vault sentinels
  Maurice (D:13)
  32 black mambas
  11 sirens
  An ice statue (IceCv)
  10 rust devils
  A torpor snail (Lair:6)
  10 spiny frogs
  13 water nymphs
  10 guardian serpents
  4 orange demons
  2 gargoyles (D:12)
  3 centaur skeletons
  2 yaktaur zombies (Vaults:5)
  A storm dragon simulacrum (Vaults:4)
  A titan simulacrum (Vaults:5)
  5 spectral swamp worms
  2 spriggan skeletons (Depths:2)
  An efreet (D:15)
  84 yaktaurs
  3 rime drakes
  A komodo dragon (shapeshifter) (Vaults:3)
  A kobold demonologist (D:15)
  14 freezing wraiths
  A spriggan druid (Lair:8)
  4 ice devils
  4 human skeletons
  10 komodo dragons
  4 tengu conjurers
  A harpy zombie (D:15)
  A two-headed ogre (shapeshifter) (Vaults:4)
  2 hydra zombies (Hell)
  13 polar bears
  3 red devils
  9 trolls
  A wolf spider simulacrum (Hell)
  26 two-headed ogres
  Prince Ribbit (D:8)
  8 boulder beetles
  A hydra skeleton (Hell)
  39 merfolk
  4 wind drakes
  2 deep troll zombies (Hell)
  A frost giant simulacrum (Vaults:4)
  Grinder (D:3)
  11 snapping turtles
  15 blink frogs
  A blink frog (shapeshifter) (Elf:1)
  A fire dragon zombie (Hell)
  An ettin zombie (Hell)
  2 spriggan zombies (Hell)
  Sigmund (D:5)
  A fire giant simulacrum (Hell)
  12 air elementals
  An iron dragon simulacrum (Hell)
  A stone giant simulacrum (Hell)
  2 shadows (D:13)
  37 water elementals
  12 spriggans (Lair:8)
  An ettin skeleton (Hell)
  19 redbacks
  2 wraiths
  73 yaks
  6 wyverns
  A ynoxinul (Depths:1)
  2 vampires
  A golden eye (shapeshifter) (Depths:4)
  A chaos spawn (Depths:2)
  13 fire elementals
  3 hungry ghosts
  A basilisk (shapeshifter) (Depths:2)
  3 basilisks (Lair:4)
  5 steam dragons
  Menkaure (D:5)
  18 hippogriffs
  20 vampire mosquitoes
  A death yak simulacrum (IceCv)
  An elf skeleton (Depths:2)
  2 wargs (Elf:1)
  2 mottled dragons
  A naga (shapeshifter) (Depths:1)
  45 nagas
  10 porcupines
  4 hydra simulacra (Hell)
  20 water moccasins
  A giant eyeball (Depths:5)
  44 orc warriors
  A black bear (shapeshifter) (Depths:4)
  8 ice beasts
  8 black bears (Lair:8)
  A spiny frog skeleton (Hell)
  2 sky beasts
  3 wasps (Lair:8)
  An eye of draining (D:13)
  56 ogres
  4 phantoms
  An ettin simulacrum (Vaults:4)
  An alligator simulacrum (IceCv)
  12 boggarts
  16 wolves (Lair:8)
  2 tengu (shapeshifter)
  21 centaurs
  A crocodile (shapeshifter) (Depths:2)
  17 crocodiles
  11 big kobolds
  2 gnoll sergeants
  25 giant frogs
  A wyvern zombie (D:14)
  A glowing shapeshifter simulacrum (Vaults:4)
  3 earth elementals
  3 scorpions
  17 killer bees
  A human simulacrum (Vaults:1)
  2 howler monkeys
  A wight (Vaults:3)
  3 electric eels
  9 crimson imps
  3 draconian simulacra (IceCv)
  7 jellies
  4 centaur zombies
  A quasit (D:5)
  5 giant frog zombies
  A gnoll shaman (D:5)
  3 hounds
  42 orc wizards
  21 orc priests
  11 iguanas
  6 troll simulacra (IceCv)
  12 hell rats
  8 worker ants
  A polar bear simulacrum (IceCv)
  2 spriggan simulacra (IceCv)
  48 sheep
  3 killer bee zombies
  A wolf simulacrum (IceCv)
  3 centaur simulacra (IceCv)
  A hound skeleton (D:10)
  A worker ant zombie (D:7)
  10 gnolls
  3 naga simulacra (IceCv)
  12 adders
  3 ogre simulacra (IceCv)
  86 river rats
  A shadow imp (D:11)
  24 white imps
  2 oozes
  2 adder skeletons
  An adder zombie (D:9)
  3 worms
  A dart slug (D:5)
  9 giant geckos
  155 orcs
  4 ball pythons
  6 giant cockroaches
  11 goblins
  10 hobgoblins
  12 jackals
  3 quokkas
  5 bats
  6 giant newts
  A jackal skeleton (D:4)
  29 kobolds
  A quokka skeleton (D:7)
  A quokka zombie (D:6)
  7 rats
  A bush (Shoals:2)
  7 fungi
  7 plants
  8 tentacles
3028 creatures vanquished.

Vanquished Creatures (others)
  2 tengu reavers
  A storm dragon (Zot:5)
  A deep elf elementalist (Depths:2)
  A stone giant (Vaults:4)
  2 merfolk impalers (Shoals:3)
  A merfolk javelineer (Shoals:3)
  A hell hog (Depths:1)
  A manticore (Shoals:3)
  A faun (Shoals:3)
  A fire giant skeleton (Vaults:5)
  A merfolk (Shoals:3)
  A wind drake (Shoals:3)
  A two-headed ogre (Vaults:4)
  2 humans
  A boggart (Vaults:2)
  An ogre (Vaults:4)
  2 adders (Snake:2)
  An orc (Vaults:2)
  2 kobolds (D:13)
  A bush (Shoals:2)
  A fire vortex (Hell)
  19 fungi
  6 lost souls (Hell)
  61 plants
  14 tentacles
  1109 tentacle segments
1235 creatures vanquished.

Grand Total: 4263 creatures vanquished

Notes
Turn   | Place    | Note
--------------------------------------------------------------
     0 | D:1      | mrath the Minotaur Fighter began the quest for the Orb.
     0 | D:1      | Reached XP level 1. HP: 19/19 MP: 0/0
    58 | D:1      | Reached skill level 3 in Maces & Flails
    66 | D:1      | Reached XP level 2. HP: 19/26 MP: 1/1
   496 | D:1      | Reached skill level 4 in Maces & Flails
   622 | D:1      | Reached XP level 3. HP: 30/31 MP: 2/2
   804 | D:2      | Found a shadowy altar of Dithmenos.
  1015 | D:2      | Found a faded altar to an unknown god.
  1040 | D:2      | Found a sparkling altar of Nemelex Xobeh.
  1040 | D:2      | Found a blossoming altar of Fedhas.
  1045 | D:2      | Found a deep blue altar of Sif Muna.
  1045 | D:2      | Found an iron altar of Okawaru.
  1046 | D:2      | Found a basalt altar of Yredelemnul.
  1046 | D:2      | Found a shimmering altar of Xom.
  1046 | D:2      | Found a sacrificial altar of Ru.
  1046 | D:2      | Found a bloodstained altar of Trog.
  1061 | D:2      | Became a worshipper of Warmaster Okawaru
  1285 | D:3      | Reached skill level 5 in Maces & Flails
  1287 | D:3      | Reached XP level 4. HP: 23/39 MP: 3/3
  1493 | D:3      | Noticed Grinder
  1493 | D:3      | Paralysed by Grinder for 2 turns
  1499 | D:3      | Paralysed by Grinder for 5 turns
  1571 | D:3      | Paralysed by Grinder for 4 turns
  1776 | D:3      | Killed Grinder
  1776 | D:3      | Reached * piety under Okawaru
  1776 | D:3      | Reached skill level 7 in Maces & Flails
  1776 | D:3      | Reached XP level 5. HP: 28/45 MP: 4/4
  1776 | D:3      | Reached XP level 6. HP: 32/51 MP: 5/5
  1956 | D:3      | Reached skill level 8 in Maces & Flails
  2551 | D:4      | Reached ** piety under Okawaru
  2551 | D:4      | Reached skill level 9 in Maces & Flails
  2551 | D:4      | Reached XP level 7. HP: 49/57 MP: 6/6
  2850 | D:4      | Found a staircase to the Ecumenical Temple.
  3206 | D:4      | Reached skill level 10 in Maces & Flails
  3350 | D:5      | Entered Level 5 of the Dungeon
  3350 | D:5      | Noticed Menkaure
  3419 | D:2      | Found a snail-covered altar of Cheibriados.
  3419 | D:2      | Found a stormy altar of Qazlal.
  3718 | D:5      | Found Xeteucod's Antique Weapon Boutique.
  3718 | D:5      | Noticed Sigmund
  3730 | D:5      | Killed Sigmund
  3730 | D:5      | Reached skill level 11 in Maces & Flails
  3730 | D:5      | Reached XP level 8. HP: 44/64 MP: 7/7
  3786 | D:5      | Reached *** piety under Okawaru
  3805 | D:5      | Killed Menkaure
  3864 | D:5      | Reached skill level 1 in Dodging
  3939 | D:5      | Reached skill level 1 in Invocations
  4309 | D:6      | Reached skill level 5 in Fighting
  4309 | D:6      | Reached skill level 1 in Evocations
  4542 | D:6      | Found a burning altar of Makhleb.
  5299 | D:7      | Reached XP level 9. HP: 37/75 MP: 6/9
  6007 | D:7      | Reached skill level 5 in Armour
  6007 | D:7      | Reached skill level 5 in Shields
  6223 | D:8      | Noticed Prince Ribbit
  6243 | D:8      | Killed Prince Ribbit
  6243 | D:8      | Reached **** piety under Okawaru
  6340 | D:8      | Found a glowing golden altar of the Shining One.
  6462 | D:8      | Found Imias's Weapon Boutique.
  6627 | D:8      | Reached skill level 12 in Maces & Flails
  7104 | D:9      | Noticed junkhipster's ghost (novice TrFi)
  7134 | D:9      | Killed junkhipster's ghost
  7134 | D:9      | Reached XP level 10. HP: 19/88 MP: 11/11
  7394 | D:9      | Found Weesoc's General Store.
  7432 | D:9      | Found a staircase to the Lair.
  7690 | D:9      | Reached ***** piety under Okawaru
  7997 | Lair:1   | Entered Level 1 of the Lair of Beasts
  8238 | Lair:1   | Got a black opal-encrusted leather armour
  8239 | Lair:1   | Identified the +2 leather armour of the New World {Int+6 Slay-2} (You found it on level 1 of the Lair of Beasts)
  8269 | Lair:1   | Noticed a spiny frog
  8277 | Lair:1   | Killed a spiny frog
  8613 | Lair:1   | Noticed a spiny frog
  8618 | Lair:1   | Killed a spiny frog
  8896 | Lair:2   | Noticed a griffon
  8915 | Lair:2   | Killed a griffon
  9035 | Lair:2   | Received a gift from Okawaru
  9062 | Lair:2   | Reached skill level 5 in Dodging
  9337 | Lair:2   | Reached XP level 11. HP: 90/97 MP: 13/13
  9398 | Lair:2   | Noticed a four-headed hydra
  9409 | Lair:2   | Killed a four-headed hydra
  9409 | Lair:2   | Reached skill level 5 in Invocations
  9616 | Lair:2   | Received a gift from Okawaru
  9871 | Lair:2   | Noticed a griffon
  9887 | Lair:2   | Killed a griffon
 10088 | Lair:2   | Upgraded the game from 0.18.1-8-gdd0e5ea to 0.18.1-47-g9310371
 10240 | Lair:3   | Noticed a seven-headed hydra
 10252 | Lair:2   | Reached skill level 13 in Maces & Flails
 10512 | Lair:3   | Reached skill level 5 in Evocations
 10677 | Lair:3   | Noticed a seven-headed hydra
 10687 | Lair:3   | Killed a seven-headed hydra
 10687 | Lair:3   | Received a gift from Okawaru
 10687 | Lair:3   | Reached skill level 10 in Fighting
 10826 | Lair:3   | Noticed a six-headed hydra
 10833 | Lair:3   | Killed a six-headed hydra
 11515 | Lair:3   | Got a translucent scale mail {god gift}
 11539 | Lair:3   | Identified the +4 scale mail of Cowardice {Slay+5} (Okawaru gifted it to you on level 3 of the Lair of Beasts)
 11654 | Lair:4   | Reached XP level 12. HP: 89/106 MP: 15/15
 12174 | Lair:4   | Found a staircase to the Shoals.
 12762 | Lair:5   | Noticed mindo's ghost (journeyman MiFi)
 12956 | Lair:5   | Noticed a seven-headed hydra
 12965 | Lair:5   | Killed a seven-headed hydra
 13294 | Lair:5   | Received a gift from Okawaru
 13295 | Lair:5   | Got an ancient crystal plate armour {god gift}
 13312 | Lair:5   | Identified the +6 crystal plate armour of the Boiling Point {-Cast *Confuse rElec Str+9} (Okawaru gifted it to you on level 5 of the Lair of Beasts)
 13430 | Lair:5   | Noticed a seven-headed hydra
 13438 | Lair:5   | Killed a seven-headed hydra
 13470 | Lair:5   | Reached skill level 14 in Maces & Flails
 13497 | Lair:5   | Killed mindo's ghost
 13682 | Lair:6   | Killed a seven-headed hydra
 13682 | Lair:6   | Reached XP level 13. HP: 112/116 MP: 9/17
 13872 | Lair:6   | Reached skill level 10 in Armour
 13874 | Lair:6   | Found a staircase to the Snake Pit.
 13909 | Lair:6   | Found a frozen archway.
 14001 | IceCv    | Entered an ice cave
 14371 | IceCv    | Found an ancient bone altar of Kikubaaqudgha.
 14390 | IceCv    | Reached skill level 10 in Shields
 14887 | Lair:6   | Received a gift from Okawaru
 15092 | Lair:6   | Received a gift from Okawaru
 16068 | Lair:8   | Entered Level 8 of the Lair of Beasts
 16445 | Lair:8   | Reached XP level 14. HP: 126/126 MP: 11/19
 16626 | Lair:8   | Received a gift from Okawaru
 16963 | Lair:8   | Reached skill level 15 in Maces & Flails
 17137 | Lair:8   | Found a staircase to the Slime Pits.
 17788 | Lair:8   | Received a gift from Okawaru
 17788 | Lair:8   | Reached skill level 10 in Dodging
 18315 | D:10     | Entered Level 10 of the Dungeon
 18598 | D:10     | Got a faintly glowing spear
 19411 | D:11     | Reached XP level 15. HP: 134/134 MP: 20/20
 20158 | D:12     | Found a staircase to the Orcish Mines.
 20624 | D:12     | Found a sparkling altar of Nemelex Xobeh.
 20638 | D:12     | Received a gift from Okawaru
 20647 | D:12     | Identified the +7 spear of Beogh's Whim {drain, MR++} (You found it on level 10 of the Dungeon)
 21470 | Orc:1    | Entered Level 1 of the Orcish Mines
 21569 | Orc:2    | Entered Level 2 of the Orcish Mines
 21579 | Orc:1    | Found a roughly hewn altar of Beogh.
 21603 | Orc:1    | Found a flagged portal.
 21616 | Bailey   | Entered a bailey
 21812 | Bailey   | Reached skill level 1 in Polearms
 22018 | Orc:1    | Noticed Erolcha
 22029 | Orc:1    | Killed Erolcha
 22350 | Orc:2    | Found a staircase to the Elven Halls.
 22414 | Orc:2    | Found an iron altar of Okawaru.
 23016 | Orc:2    | Noticed an orc warlord
 23063 | Orc:2    | Killed an orc warlord
 23394 | Orc:2    | Found Jainkeibay's General Store.
 23413 | Orc:2    | Found Erhag's Jewellery Emporium.
 23415 | Orc:2    | Found Qaluz's Antique Armour Shoppe.
 23415 | Orc:2    | Found Erahis's Antique Weapon Shoppe.
 23506 | Orc:2    | Bought a shiny shield for 144 gold pieces
 23540 | Orc:2    | Bought a distressingly furry plate armour for 896 gold pieces
 23550 | Orc:2    | Identified the +6 plate armour of Mebuth {rC+ rN+ Str+3 Int+4} (You bought it in a shop on level 2 of the Orcish Mines)
 23559 | Orc:2    | Bought the ring of the Seven Runes {rCorr rElec rF+} for 574 gold pieces
 23559 | Orc:2    | Bought the ring "Tateips" {rElec rPois rF- MR+ SInv} for 445 gold pieces
 23560 | Orc:2    | Bought a scroll of identify for 30 gold pieces
 24111 | D:13     | Got a shimmering dagger
 24139 | D:13     | Received a gift from Okawaru
 24155 | D:13     | Got an encrusted demon whip {god gift}
 24166 | D:13     | Identified the +2 demon whip "Tunatif" {flame, rC+ rN+ MR++ Dex-3} (Okawaru gifted it to you on level 13 of the Dungeon)
 24281 | D:13     | Noticed Maurice
 24291 | D:13     | Killed Maurice
 24330 | D:13     | Found a gate to the Vaults.
 24417 | D:13     | Reached skill level 16 in Maces & Flails
 24836 | D:13     | Got a distressingly furry robe
 24988 | D:14     | Reached XP level 16. HP: 130/145 MP: 15/22
 25025 | D:14     | Reached skill level 10 in Evocations
 25036 | D:14     | Received a gift from Okawaru
 25110 | D:14     | Found Asomp's Jewellery Shoppe.
 25377 | D:14     | Reached skill level 5 in Polearms
 25431 | D:14     | Found an iron altar of Okawaru.
 25809 | Lair:2   | Identified the +1 robe "Munomieq" {Dex+3 Slay+3 Stlth+} (You found it on level 13 of the Dungeon)
 26237 | D:15     | Entered Level 15 of the Dungeon
 26452 | D:15     | Found a staircase to the Depths.
 27674 | Shoals:1 | Entered Level 1 of the Shoals
 27893 | Shoals:1 | Found Odeuc's General Store.
 27929 | Shoals:1 | Bought a scroll of random uselessness for 14 gold pieces
 28727 | Shoals:2 | Found Geniofai's Food Shoppe.
 29391 | Shoals:2 | Received a gift from Okawaru
 29569 | Shoals:2 | Noticed a kraken
 29668 | Shoals:2 | Killed a kraken
 29728 | Shoals:3 | Noticed Polyphemus
 29894 | Shoals:3 | Killed Polyphemus
 29929 | Shoals:3 | Reached XP level 17. HP: 135/154 MP: 24/24
 29966 | Shoals:2 | Reached skill level 17 in Maces & Flails
 30279 | Shoals:3 | Noticed Ilsuiw
 30286 | Shoals:3 | Noticed Nikola
 30316 | Shoals:3 | Killed Ilsuiw
 30663 | Shoals:3 | Reached skill level 15 in Fighting
 31082 | Shoals:3 | Killed Nikola
 31692 | Shoals:4 | Entered Level 4 of the Shoals
 32154 | Shoals:3 | Received a gift from Okawaru
 32410 | Shoals:4 | Noticed Kirke
 32425 | Shoals:3 | Killed Kirke
 32954 | Shoals:4 | Received a gift from Okawaru
 32955 | Shoals:4 | Got an ancient spear {god gift}
 33755 | Shoals:4 | Reached skill level 1 in Throwing
 33789 | Shoals:4 | Reached XP level 18. HP: 87/165 MP: 25/25
 33939 | Shoals:4 | Identified the +6 spear "Vohaj" {freeze, rF+} (Okawaru gifted it to you on level 4 of the Shoals)
 34521 | Shoals:4 | Got a barnacled rune of Zot
 34636 | Shoals:3 | Received a gift from Okawaru
 34891 | Snake:1  | Entered Level 1 of the Snake Pit
 35327 | Snake:1  | Reached skill level 15 in Armour
 36383 | Snake:2  | Reached skill level 15 in Shields
 36436 | Snake:2  | Reached skill level 18 in Maces & Flails
 37021 | Snake:3  | Reached ****** piety under Okawaru
 37135 | Snake:3  | Received a gift from Okawaru
 38200 | Snake:4  | Entered Level 4 of the Snake Pit
 38239 | Snake:4  | Received a gift from Okawaru
 38605 | Snake:4  | Got a scorched quarterstaff
 38728 | Snake:4  | Reached XP level 19. HP: 167/173 MP: 24/27
 38844 | Snake:4  | Reached skill level 5 in Throwing
 39001 | Snake:4  | Received a gift from Okawaru
 39820 | Snake:4  | Received a gift from Okawaru
 39952 | Snake:4  | Received a gift from Okawaru
 39989 | Snake:4  | Got a serpentine rune of Zot
 40301 | Lair:2   | Gained mutation: Your system is resistant to poisons. [potion of beneficial mutation]
 40302 | Lair:2   | Gained mutation: You are agile. (Dex +2) [potion of beneficial mutation]
 40303 | Lair:2   | Gained mutation: You can translocate small distances at will. [potion of beneficial mutation]
 40477 | Elf:1    | Entered Level 1 of the Elven Halls
 41080 | Elf:1    | Received a gift from Okawaru
 41857 | Elf:2    | Found Zezucav's Antique Armour Shoppe.
 41893 | Elf:2    | Bought a pair of runed boots for 139 gold pieces
 42311 | Elf:2    | Found a runed gate.
 42313 | Elf:2    | Found a runed gate.
 42314 | Elf:2    | Found a runed gate.
 42395 | Elf:2    | Reached XP level 20. HP: 173/184 MP: 28/28
 42485 | Elf:2    | Reached skill level 15 in Dodging
 42863 | Elf:2    | Reached skill level 19 in Maces & Flails
 43027 | Elf:3    | Entered Level 3 of the Elven Halls
 43111 | Elf:3    | Got a pitted arbalest
 43863 | Vaults:1 | Entered Level 1 of the Vaults
 44718 | Vaults:1 | Received a gift from Okawaru
 45727 | Vaults:2 | Received a gift from Okawaru
 46109 | Vaults:2 | Noticed Sojobo
 46155 | Vaults:2 | Received a gift from Okawaru
 46524 | Vaults:2 | Found Aryal's Food Boutique.
 46612 | Vaults:2 | Received a gift from Okawaru
 47910 | Vaults:3 | Reached XP level 21. HP: 192/192 MP: 29/29
 47920 | Vaults:3 | Found a staircase to the Crypt.
 48203 | Vaults:3 | Received a gift from Okawaru
 49831 | Vaults:4 | Received a gift from Okawaru
 50037 | Vaults:4 | Received a gift from Okawaru
 50042 | Vaults:4 | Got a steaming longbow {god gift}
 50242 | Vaults:4 | Found Hefih's Gadget Emporium.
 51092 | Vaults:2 | Killed Sojobo
 51552 | Depths:1 | Entered Level 1 of the Depths
 51687 | D:15     | Reached skill level 20 in Maces & Flails
 51814 | Depths:1 | Reached XP level 22. HP: 191/202 MP: 24/31
 51946 | Depths:1 | Found a gateway to Hell.
 52023 | Depths:1 | Found Rikuiclo's Serpentskin Sales.
 52076 | Depths:1 | Received a gift from Okawaru
 52211 | Depths:1 | Received a gift from Okawaru
 52622 | Depths:1 | Reached skill level 10 in Throwing
 53288 | Depths:2 | Received a gift from Okawaru
 53659 | Depths:2 | Received a gift from Okawaru
 53937 | Depths:2 | Noticed Aizul
 53955 | Depths:2 | Killed Aizul
 54511 | Depths:2 | Received a gift from Okawaru
 54555 | Depths:2 | Found a shimmering altar of Xom.
 56435 | Depths:3 | Received a gift from Okawaru
 56468 | Depths:3 | Reached XP level 23. HP: 207/211 MP: 28/32
 56547 | Depths:3 | Noticed a caustic shrike
 56577 | Depths:3 | Killed a caustic shrike
 56657 | Depths:3 | Found a one-way gate leading to the halls of Pandemonium.
 56678 | Depths:3 | Received a gift from Okawaru
 56878 | Depths:3 | Got a pair of jewelled gloves
 56907 | Depths:3 | Identified the +1 pair of gloves of Hedge Wizardry {*Confuse rElec Dex+5 Stlth+} (You found it on level 3 of the Depths)
 58315 | Depths:4 | Noticed a caustic shrike
 58315 | Depths:4 | Noticed a caustic shrike
 58316 | Depths:4 | Noticed Mennas
 58495 | Hell     | Entered the Vestibule of Hell
 58495 | Hell     | Noticed Geryon
 59469 | Elf:3    | Reached skill level 10 in Polearms
 59954 | Elf:3    | Received a gift from Okawaru
 60185 | Elf:2    | Reached skill level 21 in Maces & Flails
 60253 | Elf:3    | Received a gift from Okawaru
 60259 | Elf:3    | Got a spiked chain mail
 60290 | Elf:2    | Identified the +6 chain mail of an ice cave {rF+ Int+3 Dex+2} (You took it off a deep elf master archer on level 3 of the Elven Halls)
 60344 | Elf:3    | Got a clouded iron ring
 60347 | Elf:3    | Identified the ring of Moemoepu {rF+ Slay+2} (You found it on level 3 of the Elven Halls)
 61139 | Elf:3    | Got a transparent ring mail
 61171 | Elf:3    | Got a slimy scimitar
 61200 | Elf:3    | Got a vibrating lead ring
 61205 | Elf:3    | Got a shimmering hunting sling
 61210 | Elf:3    | Got a translucent short sword
 61213 | Elf:3    | Got a dazzling flail
 61303 | Elf:3    | Got a smelly scale mail
 61331 | Elf:3    | Identified the +2 scale mail of Charity {Str-2 Dex+5} (You found it on level 3 of the Elven Halls)
 61341 | Elf:3    | Identified the +2 ring mail "Itwim" {*Confuse MR++ Regen+ Dex+2} (You found it on level 3 of the Elven Halls)
 61356 | Elf:3    | Identified the +8 hunting sling of Ru's Castigation {flame, Str+2} (You found it on level 3 of the Elven Halls)
 61358 | Elf:3    | Identified the +4 flail "Rownehiz" {pain, Fragile MR+ Str+4} (You found it on level 3 of the Elven Halls)
 61359 | Elf:3    | Identified the ring of Acuiwus {*Corrode rN+ Str+2 Int+2 Stlth+} (You took it off a deep elf death mage on level 3 of the Elven Halls)
 62188 | Vaults:5 | Entered Level 5 of the Vaults
 62381 | Vaults:4 | Received a gift from Okawaru
 62456 | Vaults:4 | Got a shimmering hunting sling
 62475 | Vaults:5 | Received a gift from Okawaru
 62495 | Vaults:4 | Received a gift from Okawaru
 62566 | Vaults:4 | Reached skill level 15 in Evocations
 62746 | Vaults:4 | Received a gift from Okawaru
 62898 | Vaults:4 | Reached XP level 24. HP: 222/222 MP: 33/33
 63350 | Vaults:5 | Received a gift from Okawaru
 63496 | Vaults:5 | Got a faintly glowing ring mail
 63507 | Vaults:5 | Identified the +1 ring mail "Uschesim" {rC+ MR+} (You found it on level 5 of the Vaults)
 63519 | Vaults:5 | Identified the +6 hunting sling "Girol" {flame, Str+2} (You took it off an ironheart preserver on level 4 of the Vaults)
 63756 | Vaults:5 | Received a gift from Okawaru
 64532 | Vaults:5 | Got a smoking lajatang
 64576 | Vaults:5 | Noticed an ancient lich
 64581 | Vaults:5 | Noticed an ancient lich
 64584 | Vaults:5 | Killed an ancient lich
 64584 | Vaults:5 | Received a gift from Okawaru
 64584 | Vaults:5 | Received a gift from Okawaru
 64595 | Vaults:5 | Killed an ancient lich
 64595 | Vaults:5 | Received a gift from Okawaru
 64626 | Vaults:5 | Got a silver rune of Zot
 65067 | Vaults:5 | Received a gift from Okawaru
 65387 | Vaults:5 | Noticed Jorgrun
 65413 | Vaults:5 | Killed Jorgrun
 65987 | Lair:2   | Identified a scroll of acquirement
 66434 | Hell     | Reached XP level 25. HP: 212/231 MP: 33/33
 66445 | Hell     | Received a gift from Okawaru
 67343 | Depths:1 | Reached skill level 22 in Maces & Flails
 67532 | Depths:3 | Killed Mennas
 67532 | Depths:3 | Received a gift from Okawaru
 67689 | Depths:4 | Noticed Frederick
 67711 | Depths:4 | Killed Frederick
 67719 | Depths:4 | Found a one-way gate to the infinite horrors of the Abyss.
 67934 | Depths:4 | Received a gift from Okawaru
 68833 | Depths:5 | Entered Level 5 of the Depths
 68911 | Depths:5 | Received a gift from Okawaru
 69052 | Depths:5 | Received a gift from Okawaru
 69434 | Depths:5 | Noticed an ancient lich
 69435 | Depths:5 | Found a gateway to a ziggurat.
 69858 | Depths:5 | Received a gift from Okawaru
 70206 | Depths:5 | Noticed a juggernaut
 70560 | Depths:5 | Received a gift from Okawaru
 70679 | Depths:5 | Found a gate to the Realm of Zot.
 70726 | Depths:5 | Reached XP level 26. HP: 230/242 MP: 34/34
 70783 | Depths:5 | Killed a juggernaut
 70891 | Depths:5 | Killed an ancient lich
 70891 | Depths:5 | Received a gift from Okawaru
 71520 | Hell     | Killed Geryon
 71701 | Hell     | Found a gateway to the freezing wastes of Cocytus.
 71724 | Hell     | Noticed an ancient lich
 71748 | Hell     | Killed an ancient lich
 71748 | Hell     | Received a gift from Okawaru
 71765 | Hell     | Found a gateway to the ashen valley of Gehenna.
 71801 | Hell     | Received a gift from Okawaru
 71913 | Hell     | Found a gateway to the Iron City of Dis.
 72074 | Hell     | Found a gateway to the decaying netherworld of Tartarus.
 72416 | Depths:4 | Got a smoking jade amulet
 72417 | Depths:4 | Identified the amulet of Imallops {RegenMP *Corrode rElec rN++ Dex+8} (You found it on level 4 of the Depths)
 73022 | Zot:1    | Entered Level 1 of the Realm of Zot
 73100 | Zot:1    | Received a gift from Okawaru
 73695 | Zot:1    | Received a gift from Okawaru
 73748 | Zot:1    | Cast into level 3 of the Abyss (green draconian)
 73877 | Zot:1    | Escaped the Abyss
 73997 | Zot:1    | Noticed an orb of fire
 74025 | Zot:1    | Gained mutation: You are partially covered in molten scales (AC +1). [an orb of fire]
 74028 | Zot:1    | Killed an orb of fire
 74058 | Zot:1    | Reached skill level 23 in Maces & Flails
 74524 | Zot:1    | Received a gift from Okawaru
 74946 | Zot:2    | Received a gift from Okawaru
 75476 | Zot:2    | Noticed an orb of fire
 75485 | Zot:2    | Gained mutation: You expend magic power (3 MP) to strengthen your wands. [an orb of fire]
 75497 | Zot:2    | Gained mutation: Armour fits poorly on your strangely shaped body. [an orb of fire]
 75510 | Zot:2    | Killed an orb of fire
 75510 | Zot:2    | Reached skill level 15 in Throwing
 75510 | Zot:2    | Reached XP level 27. HP: 217/253 MP: 29/34
 75514 | Zot:2    | Received a gift from Okawaru
 76182 | Zot:3    | Received a gift from Okawaru
 76451 | Zot:3    | Received a gift from Okawaru
 77489 | Orc:2    | Bought an iridescent whip for 210 gold pieces
 77499 | Orc:2    | Identified the +4 whip of Equivalence {slash, MR- Int+5 Dex+6} (You bought it in a shop on level 2 of the Orcish Mines)
 77501 | Orc:2    | Bought 2 potions of cure mutation for 750 gold pieces
 77502 | Orc:2    | Bought a +5 amulet of reflection for 350 gold pieces
 77511 | Orc:2    | Bought a shiny plate armour for 736 gold pieces
 77551 | Orc:2    | Bought a scroll of teleportation for 45 gold pieces
 77730 | D:9      | Bought a potion of resistance for 110 gold pieces
 77730 | D:9      | Bought a scroll of teleportation for 33 gold pieces
 78228 | Zot:3    | Noticed an orb of fire
 78256 | Zot:3    | Killed an orb of fire
 78319 | Zot:3    | Received a gift from Okawaru
 78475 | Zot:3    | Received a gift from Okawaru
 79442 | Zot:4    | Received a gift from Okawaru
 79598 | Zot:4    | Received a gift from Okawaru
 79816 | Zot:4    | Received a gift from Okawaru
 80113 | Zot:4    | Received a gift from Okawaru
 81142 | Zot:5    | Entered Level 5 of the Realm of Zot
 81527 | Zot:5    | Received a gift from Okawaru
 81537 | Zot:5    | Noticed an ancient lich
 81539 | Zot:5    | Noticed an ancient lich
 81560 | Zot:5    | Killed an ancient lich
 81560 | Zot:5    | Received a gift from Okawaru
 81569 | Zot:5    | Killed an ancient lich
 81569 | Zot:5    | Reached skill level 24 in Maces & Flails
 81865 | Zot:5    | Received a gift from Okawaru
 81908 | Zot:5    | Noticed an orb of fire
 81912 | Zot:5    | Gained mutation: Your body sometimes deteriorates upon taking damage. [an orb of fire]
 81929 | Zot:5    | Killed an orb of fire
 82339 | Zot:5    | Got a fine hat {god gift}
 82369 | Zot:5    | Identified the +2 hat of the Last Lies {+Fly MR++} (Okawaru gifted it to you on level 5 of the Realm of Zot)
 82391 | Zot:5    | Noticed an orb of fire
 82499 | Zot:5    | Lost mutation: You are agile. (Dex +2) [an orb of fire]
 82503 | Zot:5    | Gained mutation: Scrolls take you a little longer to read. [an orb of fire]
 82506 | Zot:5    | Gained mutation: You are frail (-10% HP). [an orb of fire]
 82520 | Zot:5    | Gained mutation: You are weak. (Str -2) [an orb of fire]
 82535 | Zot:5    | Killed an orb of fire
 82540 | Zot:5    | Lost mutation: Your system is resistant to poisons. [potion of cure mutation]
 82540 | Zot:5    | Lost mutation: You can translocate small distances at will. [potion of cure mutation]
 82540 | Zot:5    | Lost mutation: Armour fits poorly on your strangely shaped body. [potion of cure mutation]
 82540 | Zot:5    | Lost mutation: Scrolls take you a little longer to read. [potion of cure mutation]
 82540 | Zot:5    | Lost mutation: You are frail (-10% HP). [potion of cure mutation]
 82540 | Zot:5    | Lost mutation: You are partially covered in molten scales (AC +1). [potion of cure mutation]
 82541 | Zot:5    | Lost mutation: Your body sometimes deteriorates upon taking damage. [potion of cure mutation]
 82541 | Zot:5    | Lost mutation: You expend magic power (3 MP) to strengthen your wands. [potion of cure mutation]
 82541 | Zot:5    | Lost mutation: You are weak. (Str -2) [potion of cure mutation]
 82900 | Zot:5    | Noticed an orb of fire
 82909 | Zot:5    | Noticed an orb of fire
 82910 | Zot:5    | Gained mutation: You are frail (-10% HP). [an orb of fire]
 82921 | Zot:5    | Gained mutation: Scrolls take you a little longer to read. [an orb of fire]
 82924 | Zot:5    | Gained mutation: You are weak. (Str -2) [an orb of fire]
 82954 | Zot:4    | Killed an orb of fire
 83331 | Zot:4    | Lost mutation: Scrolls take you a little longer to read. [potion of cure mutation]
 83331 | Zot:4    | Lost mutation: You are weak. (Str -2) [potion of cure mutation]
 83331 | Zot:4    | Lost mutation: You are frail (-10% HP). [potion of cure mutation]
 83397 | Zot:5    | Killed an orb of fire
 83579 | Zot:5    | Noticed an orb of fire
 83602 | Zot:5    | Killed an orb of fire
 83949 | Zot:5    | Noticed an orb of fire
 83952 | Zot:5    | Gained mutation: Your body sometimes deteriorates upon taking damage. [an orb of fire]
 83959 | Zot:5    | Gained mutation: You regenerate slowly when monsters are visible. [an orb of fire]
 83976 | Zot:5    | Noticed an orb of fire
 83976 | Zot:5    | Killed an orb of fire
 83986 | Zot:5    | Gained mutation: Your spells are a little easier to cast, but a little less powerful. [an orb of fire]
 83987 | Zot:5    | Gained mutation: Scrolls take you a little longer to read. [an orb of fire]
 83990 | Zot:5    | Gained mutation: You are clumsy. (Dex -2) [an orb of fire]
 83991 | Zot:5    | Gained mutation: You do not regenerate naturally when monsters are visible. [an orb of fire]
 84000 | Zot:5    | Gained mutation: Your spells are easier to cast, but less powerful. [an orb of fire]
 84003 | Zot:5    | Killed an orb of fire
 84497 | Zot:5    | Noticed an orb of fire
 84504 | Zot:5    | Gained mutation: You are frail (-10% HP). [an orb of fire]
 84513 | Zot:5    | Gained mutation: You are very clumsy. (Dex -4) [an orb of fire]
 84517 | Zot:5    | Gained mutation: You are very frail (-20% HP). [an orb of fire]
 84520 | Zot:5    | Gained mutation: You are extremely frail (-30% HP). [an orb of fire]
 84534 | Zot:5    | Gained mutation: Your magical capacity is low (-10% MP). [an orb of fire]
 84540 | Zot:5    | Killed an orb of fire
 84614 | Zot:5    | Lost mutation: Scrolls take you a little longer to read. [potion of cure mutation]
 84614 | Zot:5    | Lost mutation: You are very clumsy. (Dex -4) [potion of cure mutation]
 84614 | Zot:5    | Lost mutation: Your magical capacity is low (-10% MP). [potion of cure mutation]
 84614 | Zot:5    | Lost mutation: You are clumsy. (Dex -2) [potion of cure mutation]
 84615 | Zot:5    | Lost mutation: Your body sometimes deteriorates upon taking damage. [potion of cure mutation]
 84615 | Zot:5    | Lost mutation: You do not regenerate naturally when monsters are visible. [potion of cure mutation]
 84615 | Zot:5    | Lost mutation: You are extremely frail (-30% HP). [potion of cure mutation]
 84615 | Zot:5    | Lost mutation: You are very frail (-20% HP). [potion of cure mutation]
 84752 | Zot:5    | Noticed an orb of fire
 84768 | Zot:5    | Gained mutation: You are dopey. (Int -2) [an orb of fire]
 84775 | Zot:5    | Killed an orb of fire
 85107 | Zot:5    | Noticed an orb of fire
 85108 | Zot:5    | Noticed an orb of fire
 85122 | Zot:5    | Gained mutation: You tend to lose your temper in combat. [an orb of fire]
 85146 | Zot:5    | HP: 8/232 [storm dragon/bolt of lightning (7)]
 85714 | Zot:4    | Upgraded the game from 0.18.1-47-g9310371 to 0.18.1-48-g4cf74bf
 85913 | Zot:5    | Lost mutation: You regenerate slowly when monsters are visible. [an orb of fire]
 85916 | Zot:5    | Gained mutation: You are clumsy. (Dex -2) [an orb of fire]
 86398 | Zot:5    | Killed an orb of fire
 86544 | Zot:5    | Killed an orb of fire
 86981 | Zot:5    | Noticed an orb of fire
 86995 | Zot:5    | Gained mutation: You expend magic power (3 MP) to strengthen your wands. [an orb of fire]
 86999 | Zot:5    | Gained mutation: Armour fits poorly on your strangely shaped body. [an orb of fire]
 87000 | Zot:5    | Gained mutation: Your body sometimes deteriorates upon taking damage. [an orb of fire]
 87022 | Zot:5    | Gained mutation: You often lose your temper in combat. [an orb of fire]
 87033 | Zot:5    | Gained mutation: You are very dopey. (Int -4) [an orb of fire]
 87034 | Zot:5    | Killed an orb of fire
 87356 | Zot:5    | Got the Orb of Zot
 87414 | Zot:5    | Noticed Wilu the pandemonium lord
 87752 | Zot:1    | Noticed Zaxameo the pandemonium lord
 88045 | Depths:2 | Noticed Kotwiask the pandemonium lord
 88165 | Depths:1 | Noticed Guf Jem the pandemonium lord
 88172 | Depths:1 | Noticed Jaowam the pandemonium lord
 88325 | Depths:1 | Received a gift from Okawaru
 88329 | Depths:1 | Noticed Ihabboti the pandemonium lord
 88334 | Depths:1 | Killed from afar by an Ice Fiend

Skill      XL: |  1  2  3  4  5  6  7  8  9 10 11 12 13 14 15 16 17 18 19 20 21 22 23 24 25 26 27 |
---------------+----------------------------------------------------------------------------------+-----
Maces & Flails | 3 4 5 7 9 11 12 13 14 15 16 17 18 19 20 21 22 23 24 | 24.8
Fighting       | 5 7 9 10 11 12 13 14 15 16 17 18 19 20 21 23 | 23.4
Dodging        | 2 3 5 6 8 9 10 11 12 13 14 15 16 17 18 19 21 | 21.3
Shields        | 4 6 7 8 9 10 11 12 13 14 15 16 17 18 19 20 21 23 | 23.0
Armour         | 4 6 7 8 9 10 11 12 13 14 15 16 17 18 19 20 21 22 | 22.9
Invocations    | 1 3 4 5 7 8 9 |  9.2
Evocations     | 1 3 4 5 6 8 9 10 11 12 13 14 15 16 18 | 18.5
Polearms       | 4 5 6 8 9 10 | 10.2
Throwing       | 1 4 6 8 9 10 12 13 14 15 17 | 17.3

Action                   |  1- 3 |  4- 6 |  7- 9 | 10-12 | 13-15 | 16-18 | 19-21 | 22-24 | 25-27 || total
-------------------------+-------+-------+-------+-------+-------+-------+-------+-------+-------++-------
Melee: Flail             |   100 |    79 |   355 |   295 |       |       |       |       |    17 ||   846
       Headbutt          |    16 |    16 |    78 |   218 |   591 |   589 |   946 |   875 |  1096 ||  4425
       Morningstar       |       |       |       |   452 |  1812 |  1462 |   408 |    22 |       ||  4156
       Demon whip        |       |       |       |       |       |   769 |  1058 |  2265 |  2955 ||  7047
       Spear             |       |       |       |       |       |       |  1136 |   160 |       ||  1296
Throw: Stone             |     1 |       |       |       |       |       |       |       |       ||     1
       Tomahawk          |       |    10 |    10 |    33 |    40 |    20 |    12 |       |       ||   125
       Javelin           |       |       |       |       |       |     9 |    47 |    98 |   479 ||   633
       Throwing net      |       |       |       |       |       |     4 |       |       |       ||     4
Invok: Heroism           |       |       |     4 |    12 |    26 |    28 |    37 |    53 |    59 ||   219
       Finesse           |       |       |       |     7 |    19 |    15 |    20 |    21 |    26 ||   108
 Abil: Evoke Invisibilit |       |       |       |       |       |     1 |       |       |     3 ||     4
Evoke: Wand              |       |       |       |       |       |     3 |     2 |     5 |    10 ||    20
  Use: Potion            |       |     1 |     3 |       |     1 |     4 |     4 |    10 |    34 ||    57
       Scroll            |       |     7 |     5 |     7 |    11 |     8 |    16 |    17 |    32 ||   103
 Stab: Invisible         |       |       |       |       |       |     1 |       |       |     2 ||     3
       Held in net/web   |       |       |       |       |       |     1 |       |       |       ||     1
       Distracted        |       |       |       |       |       |     1 |     1 |       |       ||     2
  Eat: Chunk             |     1 |     4 |    12 |    22 |    40 |    42 |    36 |    32 |    21 ||   210
       Pizza             |       |       |     2 |     1 |       |       |       |       |       ||     3
       Royal jelly       |       |       |       |       |     1 |       |       |       |       ||     1
       Fruit             |       |       |       |       |     2 |    12 |       |     3 |     1 ||    18
       Bread ration      |       |       |       |       |       |       |     3 |     4 |     5 ||    12
       Meat ration       |       |       |       |       |       |       |       |     1 |     6 ||     7
       Beef jerky        |       |       |       |       |       |       |       |       |     5 ||     5
Armor: Scale mail        |    35 |    14 |    25 |    67 |       |       |       |       |       ||   141
       Plate armour      |       |       |   118 |   177 |    49 |   727 |   636 |   619 |   815 ||  3141
       Crystal plate arm |       |       |       |    17 |   622 |       |       |       |       ||   639
       Chain mail        |       |       |       |       |       |       |       |     1 |       ||     1
Dodge: Dodged            |    27 |    14 |    63 |   209 |   668 |   734 |   861 |  1017 |  1468 ||  5061
Block: Shield            |    49 |    40 |   198 |   395 |  1346 |  1234 |  1739 |  1775 |  2184 ||  8960
       Large shield      |       |       |       |       |       |   499 |       |       |       ||   499
       Reflection        |       |       |       |       |       |       |       |       |    23 ||    23
